 Dungeon Crawl Stone Soup version 0.16-a0-3820-g492871e (webtiles) character file.

8 kroki the Chopper (level 2, -10/24 HPs)
             Began as a Vine Stalker Berserker on Jan 28, 2015.
             Was a Follower of Trog.
             Mangled by Menkaure (20 damage)
             ... on level 5 of the Dungeon.
             The game lasted 00:01:30 (148 turns).

kroki the Chopper (Vine Stalker Berserker)           Turns: 148, Time: 00:01:30

Health: -10/24     AC:  5    Str: 24    XL:     2   Next: 8%
Magic:  0/3        EV: 11    Int:  7    God:    Trog [*.....]
Gold:   0          SH:  0    Dex: 13    Spells: 0 memorised, 1 level left

rFire  . . .     SeeInvis .     a - +0 hand axe
rCold  . . .     Clarity  .     d - +0 ring mail
rNeg   . . .     SustAb   .     (no shield)
rPois  .         Gourm    .     (no helmet)
rElec  .         Spirit   +     (no cloak)
rCorr  .         Warding  .     (no gloves)
rMut   .         Stasis   .     (no boots)
MR     .....                    (no amulet)
Stlth  ..........               (no ring)
                                (no ring)

@: berserking (expiring), very quick, not resistant to hostile enchantments,
extremely unstealthy
A: fangs 2, regeneration 1, magic shield, antimagic bite, no device heal 3, rot
immunity
a: Burn Spellbooks, Berserk, Renounce Religion


You were on level 5 of the Dungeon.
You worshipped Trog.
Trog was aware of your devotion.
You were not hungry.

You visited 1 branch of the dungeon, and saw 5 of its levels.

Inventory:

Hand weapons
 a - a +0 hand axe (weapon)
Missiles
 e - 21 poisoned needles
Armour
 d - a +0 ring mail (worn)
   (You found it on level 2 of the Dungeon)
Comestibles
 b - a meat ration
 c - 3 bread rations


   Skills:
 - Level 2.6 Fighting
 + Level 3.2 Axes
 - Level 1.5 Armour
 - Level 1.5 Dodging


You had one spell level left.
You didn't know any spells.


Innate Abilities, Weirdness & Mutations

You have extremely sharp teeth.
Your natural rate of healing is unusually fast.
When hurt, damage is shared between your health and your magic reserves.
Your bite disrupts and absorbs the magic of your enemies.
Potions and wands cannot restore your health.
You are immune to rotting.

Dungeon Overview and Level Annotations

Branches:
Dungeon (5/15)
 Temple: D:4-7

Altars:
Nemelex Xobeh

Annotations:
D:5 Menkaure

######## #######......#
+.....#......#
#.$...+......+
#.....#......#
#.M..#......###+
####+###@.?.#...........
............#<.........
............#..........
#+####.....w..........
##+####.........
........# .........#
......... ........


You could see a worm and Menkaure.


Message History

You hear the hiss of flowing sand.
There is an entrance to an ossuary on this level.
Hurry and find it before the portal is buried!
A worm comes into view.
There is a stone staircase leading up here.
You aren't carrying any spellbooks or scrolls.
There is a stone staircase leading up here.
You open the door.
Menkaure, Prince of Dust comes into view.
Menkaure shouts!
Menkaure calls on the powers of darkness!
Your body is wracked with pain!
Found two items.
There is an open door here.
You take 6 damage.
Unknown command.
Menkaure casts a spell.
Menkaure seems to speed up.
Use which ability? (? or * to list)
A red film seems to cover your vision as you go berserk!
You feel yourself moving faster!
You feel mighty!
You feel somewhat more hungry.
Menkaure gestures at you while chanting.
You barely resist.
You feel a strong urge to attack something.
Menkaure hits you!
* * * LOW HITPOINT WARNING * * *
You take 6 damage.
You closely miss Menkaure. Menkaure hits you!!
Ouch! That really hurt!
You die...

Notes
Turn   | Place    | Note
--------------------------------------------------------------
     0 | D:1      | kroki, the Vine Stalker Berserker, began the quest for the Orb.
     0 | D:1      | Reached XP level 1. HP: 11/11 MP: 1/1
    24 | D:1      | Found a sparkling altar of Nemelex Xobeh.
    55 | D:2      | Reached skill level 3 in Axes
   109 | D:4      | Reached XP level 2. HP: 11/16 MP: 3/3
   134 | D:5      | Entered Level 5 of the Dungeon
   141 | D:5      | Noticed Menkaure
   148 | D:5      | Mangled by Menkaure

Vanquished Creatures
  A giant cockroach (D:4)
  A goblin (D:1)
  2 hobgoblins
  A giant gecko skeleton (D:4)
  A quokka skeleton (D:4)
  2 rats
8 creatures vanquished.

Action                   || total
-------------------------++-------
Melee: Hand axe          ||    13
Invok: Berserk           ||     1

Vault maps used:
D:1:      moated_graveyard_arrival, nemelex_diamond_rough_becter
D:2:      gammafunk_temple_overflow_pools, first_bread
D:3:      minmay_overflow_temple_star_hex, uniq_natasha, uniq_jessica
D:4:      minmay_temple_entry_fiery, minmay_fountain_box,
          uniq_crazy_yiuf_cottage
D:5:      enter_ossuary_3, uniq_iyjb, uniq_menkaure
